[Event "fics rated crazyhouse match"]
[Site "fics, Oklahoma City, OK USA"]
[Date "2001.01.22"]
[White "pminear"]
[WhiteElo "2542"]
[Black "SuperGrover"]
[BlackElo "2215"]
[TimeControl "60+0"]
[Result "1-0"]

1. e4 Nc6 2. Nc3 Nf6 3. d4 d5 4. exd5 Nxd5 5. Nf3 Nxc3 6. bxc3 
Bg4 7. d5 P@e4 8. P@e6 fxe6 9. N@f7 Qd7 10. Nxh8 exf3 11. gxf3 O-O-O 
12. P@a6 Na5 13. axb7+ Nxb7 14. P@c6 Qxc6 15. dxc6 Rxd1+ 16. Kxd1 Bxf3+ 17. R@e2 
Q@d6+ 18. R@d3 P@d5 19. cxb7+ Kxb7 20. Rb1+ P@b6 21. N@a5+ Kc8 22. Q@a8+ Kd7 
23. Rxf3 
{SuperGrover resigns} 1-0

[Event "fics rated crazyhouse match"]
[Site "fics, Oklahoma City, OK USA"]
[Date "2001.01.22"]
[White "SuperGrover"]
[WhiteElo "2213"]
[Black "pminear"]
[BlackElo "2544"]
[TimeControl "60+0"]
[Result "0-1"]

1. Nf3 Nc6 2. Nc3 e5 3. e3 Nf6 4. Bb5 d6 5. d4 exd4 6. Nxd4 
Bd7 7. O-O P@h3 8. gxh3 Nxd4 9. Bxd7+ Qxd7 10. exd4 Qxh3 11. P@g2 Qd7 
12. d5 N@e5 13. Re1 P@h3 14. gxh3 B@f3 15. Qxf3 Be7 16. Rxe5 dxe5 17. B@f5 
Qd6 18. N@e4 Nxe4 19. Nxe4 R@e1+ 20. B@f1 Rxe4 21. Bxe4 N@h4 22. Qg4 h5 
23. P@d7+ Kf8 24. R@e8+ Rxe8 25. dxe8=Q+ Kxe8 26. P@d7+ Qxd7 27. Qxd7+ Kxd7 28. R@g3 
R@d6 29. N@f5 Nxf5 30. Bxf5+ P@e6 31. dxe6+ fxe6 32. Bxe6+ Rxe6 33. P@f5 B@f7 
34. fxe6+ Bxe6 35. N@e4 Q@c6 36. N@c5+ Bxc5 37. R@d1+ P@d4 38. Nxc5+ Qxc5 39. B@g2 
N@c6 40. Bg5 P@f6 41. Q@f7+ N@e7 42. Bxf6 Kc8 43. Bxg7 Kb8 44. Bxe5 Ka8 
45. Qxe7 N@e2+ 46. Bxe2 N@f3# 
{SuperGrover forfeits on time} 0-1

[Event "fics rated crazyhouse match"]
[Site "fics, Oklahoma City, OK USA"]
[Date "2001.01.22"]
[White "pminear"]
[WhiteElo "2546"]
[Black "SuperGrover"]
[BlackElo "2211"]
[TimeControl "60+0"]
[Result "0-1"]

1. e4 Nc6 2. Nc3 Nf6 3. d4 e6 4. e5 Nd5 5. Nxd5 exd5 6. Nf3 
d6 7. Bb5 Bg4 8. N@b4 Qd7 9. Nxd5 Be7 10. P@f6 gxf6 11. exf6 Bd8 
12. P@e7 N@g6 13. Bxc6 Qxc6 14. exd8=Q+ Kxd8 15. B@e7+ Kc8 16. N@b4 B@a5 17. Bd2 
Bxb4 18. Nxb4 Bxf3 19. Qxf3 Qxf3 20. gxf3 N@g2+ 21. Kd1 P@e2+ 22. Kc1 Q@d1+ 
23. Rxd1 exd1=Q+ 24. Kxd1 P@e2+ 25. Kxe2 N6f4+ 26. Kf1 R@h1+ 27. B@g1 Rxg1+ 28. Kxg1 
N@h3+ 29. Kh1 Ne3 30. P@d7+ Kxd7 31. B@f5+ P@e6 32. Q@b5+ B@c6 33. Bxe6+ fxe6 
34. Qxc6+ bxc6 35. B@g2 Nfxg2 36. R@g3 Ke8 37. Bxe3 Kd7 38. Rxg2 Kc8 39. Rg3 
Kb8 
{pminear forfeits on time} 0-1

[Event "fics rated crazyhouse match"]
[Site "fics, Oklahoma City, OK USA"]
[Date "2001.01.22"]
[White "SuperGrover"]
[WhiteElo "2225"]
[Black "pminear"]
[BlackElo "2532"]
[TimeControl "60+0"]
[Result "0-1"]

1. Nf3 Nc6 2. Nc3 e5 3. e3 Nf6 4. Bb5 d6 5. d4 Bd7 6. dxe5 
Nxe5 7. Bxd7+ Qxd7 8. Nxe5 dxe5 9. Qxd7+ Nxd7 10. Nd5 Bd6 11. B@a4 B@e6 
12. Bxd7+ Kxd7 13. N@f6+ gxf6 14. Nxf6+ Kd8 15. P@g7 Re8 16. Nxe8 B@b5 17. P@d3 
N@h4 18. Q@g3 P@f3 19. Nxd6 Q@e2# 
{SuperGrover checkmated} 0-1

[Event "fics rated crazyhouse match"]
[Site "fics, Oklahoma City, OK USA"]
[Date "2001.01.22"]
[White "pminear"]
[WhiteElo "2534"]
[Black "SuperGrover"]
[BlackElo "2223"]
[TimeControl "60+0"]
[Result "1-0"]

1. e4 Nc6 2. Nc3 Nf6 3. d4 d5 4. exd5 Nxd5 5. Nf3 Nxc3 6. bxc3 
Bg4 7. Be2 e5 8. Nxe5 Nxe5 9. Bxg4 Nxg4 10. Qxg4 Qe7+ 11. N@e5 N@f6 
12. Qe2 N@h4 13. f3 P@h3 14. B@a4+ B@c6 15. Nxc6 Nxg2+ 16. Kd1 Qxe2+ 17. Kxe2 
P@d7 18. Ne5 Nh4 19. N@f4 Bd6 20. Q@e3 Bxe5 21. dxe5 N@e6 22. exf6 Nxf3 
23. Bxd7# 
{SuperGrover forfeits on time} 1-0

[Event "fics rated crazyhouse match"]
[Site "fics, Oklahoma City, OK USA"]
[Date "2001.01.22"]
[White "SuperGrover"]
[WhiteElo "2221"]
[Black "pminear"]
[BlackElo "2536"]
[TimeControl "60+0"]
[Result "0-1"]

1. Nf3 Nc6 2. Nc3 e5 3. e3 Nf6 4. Bb5 d6 5. d3 Bg4 6. h3 
Bxf3 7. Qxf3 Qd7 8. B@a4 N@b8 9. d4 a6 10. Bxc6 bxc6 11. d5 B@b7 
12. dxc6 Nxc6 13. P@d5 P@b5 14. dxc6 Bxc6 15. Bxb5 axb5 16. P@d5 Nxd5 17. Nxd5 
Bxd5 18. Qxd5 B@c6 19. B@g4 P@e6 20. Bxe6 fxe6 21. P@f7+ Kd8 22. N@b7+ Kc8 
23. Nxd6+ Bxd6 24. N@b6+ cxb6 25. Qxc6+ Qxc6 26. N@e7+ Bxe7 27. P@d7+ Kxd7 28. Bd2 
{SuperGrover resigns} 0-1

[Event "fics rated crazyhouse match"]
[Site "fics, Oklahoma City, OK USA"]
[Date "2001.01.22"]
[White "pminear"]
[WhiteElo "2538"]
[Black "SuperGrover"]
[BlackElo "2219"]
[TimeControl "60+0"]
[Result "1-0"]

1. e4 Nc6 2. Nc3 Nf6 3. d4 d5 4. exd5 Nxd5 5. Nf3 Bg4 6. Be2 
e6 7. O-O Be7 8. Nxd5 exd5 9. N@e5 Be6 10. Nxc6 bxc6 11. Ne5 P@d7 
12. P@h6 Rg8 13. hxg7 Rxg7 14. Bh6 Rg8 15. N@g7+ Rxg7 16. Bxg7 f6 17. R@h8+ 
N@g8 18. P@f5 Bf7 19. Bh5 fxe5 20. Rxg8+ N@f8 21. N@f6+ Bxf6 22. Rxf8+ Ke7 
23. Rxf7+ Ke8 24. Rf8+ Ke7 25. N@g8+ Kd6 26. B@c5# 
{SuperGrover checkmated} 1-0

[Event "fics rated crazyhouse match"]
[Site "fics, Oklahoma City, OK USA"]
[Date "2001.01.22"]
[White "SuperGrover"]
[WhiteElo "2217"]
[Black "pminear"]
[BlackElo "2540"]
[TimeControl "60+0"]
[Result "0-1"]

1. Nf3 Nc6 2. Nc3 e5 3. e3 d5 4. Bb5 e4 5. Ne5 Qg5 6. Nxc6 
Qxg2 7. Rf1 Bd7 8. Nd4 P@c6 9. Be2 Bc5 10. N@f4 Qxh2 11. d3 Qxf4 
12. exf4 N@g2+ 13. Kd2 Bxd4 14. Bh5 e3+ 15. fxe3 Bxe3+ 16. Ke2 N@d4# 
{SuperGrover checkmated} 0-1

[Event "fics rated crazyhouse match"]
[Site "fics, Oklahoma City, OK USA"]
[Date "2001.01.22"]
[White "pminear"]
[WhiteElo "2542"]
[Black "SuperGrover"]
[BlackElo "2215"]
[TimeControl "60+0"]
[Result "1-0"]

1. e4 Nc6 2. Nc3 e6 3. d4 Nf6 4. e5 Nd5 5. Nxd5 exd5 6. Nf3 
d6 7. Bb5 Qe7 8. Qe2 a6 9. Bxc6+ bxc6 10. Bg5 f6 11. exf6 Qxe2+ 
12. Kxe2 gxf6 13. P@f7+ Kxf7 14. N@d8+ Ke7 15. Nxc6+ Kd7 16. N@b8+ Ke8 17. Q@d8+ 
Kf7 18. Qxf6# 
{SuperGrover resigns} 1-0

[Event "fics rated crazyhouse match"]
[Site "fics, Oklahoma City, OK USA"]
[Date "2001.01.22"]
[White "SuperGrover"]
[WhiteElo "2213"]
[Black "pminear"]
[BlackElo "2544"]
[TimeControl "60+0"]
[Result "0-1"]

1. Nf3 Nc6 2. Nc3 e5 3. e3 Nf6 4. Bb5 e4 5. Ng5 Qe7 6. d3 
exd3 7. cxd3 d6 8. P@d5 Bd7 9. dxc6 bxc6 10. Bc4 d5 11. Bb3 P@d4 
12. Ne2 dxe3 13. Bxe3 Ng4 14. Qd2 Nxe3 15. Qxe3 Qxe3 16. fxe3 B@h4+ 17. P@f2 
Bxg5 18. N@e5 Bxe3 19. fxe3 Bb4+ 20. B@c3 Bxc3+ 21. bxc3 P@d2+ 22. Kxd2 Q@b2+ 
23. Q@c2 Qxc2+ 24. Kxc2 N@a3+ 25. Kd2 B@b2 26. Nxd7 d4 27. N@f6+ Kd8 28. P@e7+ 
Kxe7 29. B@b4+ P@d6 30. Ne5 Bxc3+ 31. Nxc3 dxc3+ 32. Bxc3 dxe5 33. Nd5+ cxd5 
34. B@g5+ f6 35. P@d6+ cxd6 36. Q@d8+ Kxd8 37. Ke2 Kd7 38. Bxf6 N@f4+ 39. Kf3 
N@d4+ 40. Kf2 Q@g4 
{SuperGrover forfeits on time} 0-1

[Event "fics rated crazyhouse match"]
[Site "fics, Oklahoma City, OK USA"]
[Date "2001.01.22"]
[White "Blechkiste"]
[WhiteElo "2504"]
[Black "liveZ"]
[BlackElo "2361"]
[TimeControl "180+0"]
[Result "1-0"]

1. e4 e6 2. d4 Nc6 3. Be3 Nf6 4. Bd3 d5 5. e5 Ne4 6. Nf3 
Bb4+ 7. c3 Be7 8. Qc2 O-O 9. Bxe4 dxe4 10. Nfd2 B@d3 11. Qc1 Bg5 
12. Na3 Bxe3 13. fxe3 Qg5 14. N@f4 B@h4+ 15. g3 Bxg3+ 16. hxg3 P@g2 17. Kf2 
gxh1=Q 18. Qxh1 Qxf4+ 19. gxf4 R@e2+ 20. Kg1 Rxd2 21. B@h5 Rxb2 22. P@c2 N@g3 
23. Bxf7+ Rxf7 24. Qxh7+ Kxh7 25. P@g6+ Kxg6 26. Q@g4+ Kh7 27. P@g6+ Kh8 28. gxf7 
Q@h1+ 29. Kf2 Qh2+ 30. R@g2 N@h1+ 31. Ke1 P@f2+ 32. Kd2 Qxg2 33. f8=Q+ R@g8 
34. Qgxg7# 
{liveZ checkmated} 1-0

[Event "fics rated crazyhouse match"]
[Site "fics, Oklahoma City, OK USA"]
[Date "2001.01.22"]
[White "venomous"]
[WhiteElo "2434"]
[Black "LINDEGREN"]
[BlackElo "2346"]
[TimeControl "60+0"]
[Result "1-0"]

1. e4 Nf6 2. Nc3 e5 3. Nf3 Nc6 4. Be2 Bc5 5. O-O d6 6. d3 
Bg4 7. Bg5 Bxf3 8. Bxf3 Nd4 9. Nd5 Nxd5 10. Bxd8 Rxd8 11. exd5 N@g5 
12. Bg4 N@f6 13. N@f5 Nxf5 14. Bxf5 B@h5 15. B@g4 Nxg4 16. Bxg4 Bxg4 17. Qxg4 
B@f6 18. N@h5 B@e7 19. Nxf6+ Bxf6 20. B@a4+ Kf8 21. N@d7+ Ke7 22. Nxf6 gxf6 
23. Q@d7+ Rxd7 24. Qxd7+ Kf8 25. B@h6# 
{LINDEGREN resigns} 1-0

[Event "fics rated crazyhouse match"]
[Site "fics, Oklahoma City, OK USA"]
[Date "2001.01.22"]
[White "LINDEGREN"]
[WhiteElo "2340"]
[Black "venomous"]
[BlackElo "2440"]
[TimeControl "60+0"]
[Result "0-1"]

1. e4 Nf6 2. Nc3 d6 3. e5 dxe5 4. Nf3 Nc6 5. Bb5 Bg4 6. d3 
e6 7. h3 Bxf3 8. Qxf3 N@d4 9. Bxc6+ bxc6 10. Qd1 Bb4 11. B@h4 Bxc3+ 
12. bxc3 P@e2 13. cxd4 exd1=Q+ 14. Kxd1 N@c3+ 15. Kd2 exd4 16. B@g4 Nxg4 
{LINDEGREN resigns} 0-1

[Event "fics rated crazyhouse match"]
[Site "fics, Oklahoma City, OK USA"]
[Date "2001.01.22"]
[White "venomous"]
[WhiteElo "2446"]
[Black "LINDEGREN"]
[BlackElo "2334"]
[TimeControl "60+0"]
[Result "0-1"]

1. e4 Nf6 2. Nc3 e5 3. Nf3 Bc5 4. Be2 Nc6 5. O-O d6 6. d3 
Bg4 7. Bg5 Bxf3 8. Bxf3 N@f4 9. Bxf4 exf4 10. B@g5 B@e5 11. N@h5 Rg8 
12. Bxf4 Nd4 13. Bxe5 dxe5 14. B@a4+ c6 15. Bg4 B@d7 16. Bxd7+ Qxd7 17. Nxf6+ 
gxf6 18. P@g3 B@g4 19. B@e2 Nxe2+ 20. Nxe2 B@h5 21. N@c3 N@d4 22. Nxd4 Bxd1 
23. Nf5 Bde2 24. Nxe2 Bxe2 25. N@g7+ Kd8 26. B@h3 N@g5 27. Rfe1 Nxh3+ 28. gxh3 
B@f3 29. N@g2 Bxg2 30. Kxg2 N@f3 31. Rxe2 Nd4 32. Ree1 Q@f3+ 33. Kg1 Qdxf5 
34. B@e3 N@e2+ 35. Rxe2 Nxe2+ 36. Kf1 Bxe3 37. B@a5+ b6 38. N@b7+ Kc7 
{venomous forfeits on time} 0-1

[Event "fics rated crazyhouse match"]
[Site "fics, Oklahoma City, OK USA"]
[Date "2001.01.22"]
[White "LINDEGREN"]
[WhiteElo "2344"]
[Black "venomous"]
[BlackElo "2436"]
[TimeControl "60+0"]
[Result "1-0"]

1. e4 Nf6 2. Nc3 d5 3. exd5 Nxd5 4. d4 Nc6 5. Nf3 e6 6. Bb5 
Bd7 7. Bxc6 bxc6 8. O-O B@h5 9. N@g3 Bxf3 10. Qxf3 N@h4 11. Qd1 Nxc3 
12. bxc3 P@f3 13. gxf3 c5 14. P@g2 cxd4 15. cxd4 N@c3 16. Qd3 Nd5 17. c4 
Nb4 18. Qd2 Rb8 19. B@g5 Be7 20. Bxe7 Qxe7 21. B@g5 B@f6 22. Bxf6 gxf6 
23. N@g7+ Kd8 24. B@f4 P@d6 25. P@e5 Nxg2 26. exf6 Qxf6 27. Bg5 Qxg5 28. Qxg5+ 
Kc8 29. Kxg2 e5 30. N@e7+ Kb7 31. P@c6+ Bxc6 32. Nxc6 P@h3+ 33. Kxh3 B@d7+ 
34. P@g4 Bxc6 35. d5 Bd7 36. P@c6+ Nxc6 37. dxc6+ Bxc6 38. N@a5+ Ka8 39. Nxc6 
h5 40. N7xh5 Rxh5+ 41. Nxh5 P@b2 42. B@a6 N@c5 43. P@b7+ Nxb7 44. Bxb7+ Rxb7 
45. R@c8+ B@b8 46. B@a6 N@c5 47. Bxb7+ Nxb7 48. Rxb8# 
{venomous checkmated} 1-0

[Event "fics rated crazyhouse match"]
[Site "fics, Oklahoma City, OK USA"]
[Date "2001.01.22"]
[White "venomous"]
[WhiteElo "2426"]
[Black "LINDEGREN"]
[BlackElo "2354"]
[TimeControl "60+0"]
[Result "1-0"]

1. e4 Nf6 2. Nc3 e5 3. Nf3 Nc6 4. Be2 Bc5 5. O-O d6 6. d3 
Bg4 7. Bg5 Bxf3 8. Bxf3 N@f4 9. Bxf4 exf4 10. B@g5 B@e5 11. N@h5 Rg8 
12. Bxf4 Nd4 13. Bxe5 dxe5 14. B@g5 B@e7 15. Bxf6 gxf6 16. N@g7+ Kd7 17. Bg4+ 
B@e6 18. Nxe6 fxe6 19. P@d5 Rxg4 20. Qxg4 B@f7 21. B@c4 N@g5 22. dxe6+ Bxe6 
23. Bxe6+ Ngxe6 24. P@d5 P@f7 25. dxe6+ fxe6 26. R@g7 P@f7 27. Rxf7 Kc8 28. P@d5 
f5 29. exf5 exf5 30. Rxf5 Nxf5 31. Qxf5+ P@d7 32. P@c6 R@g5 33. Qxd7+ Qxd7 
34. cxd7+ Kxd7 35. B@e6+ Kd6 36. Q@d7# 
{LINDEGREN checkmated} 1-0

[Event "fics rated crazyhouse match"]
[Site "fics, Oklahoma City, OK USA"]
[Date "2001.01.22"]
[White "LINDEGREN"]
[WhiteElo "2348"]
[Black "venomous"]
[BlackElo "2432"]
[TimeControl "60+0"]
[Result "0-1"]

1. e4 e6 2. Nc3 b6 3. d4 Bb7 4. Bd3 Nf6 5. f3 Bb4 6. Ne2 
Nc6 7. O-O e5 8. dxe5 Nxe5 9. P@d4 Nxd3 10. cxd3 P@e6 11. Ng3 B@h4 
12. Qe2 Bxg3 13. hxg3 Bxc3 14. bxc3 N@h5 15. B@f4 Nxf4 16. Bxf4 N@h5 17. B@h4 
Nxf4 18. gxf4 B@e7 19. e5 Nh5 20. Bxe7 Qxe7 21. B@h2 B@g3 22. N@g4 Nxf4 
23. Qd2 Bxh2+ 24. Kxh2 h5 25. B@h3 hxg4 26. fxg4 Nxh3 27. gxh3 P@h4 28. P@f6 
B@g3+ 29. Kg1 B@h2+ 30. Qxh2 Bxh2+ 31. Kxh2 Q@g3# 
{LINDEGREN checkmated} 0-1

[Event "fics rated crazyhouse match"]
[Site "fics, Oklahoma City, OK USA"]
[Date "2001.01.22"]
[White "venomous"]
[WhiteElo "2438"]
[Black "LINDEGREN"]
[BlackElo "2342"]
[TimeControl "60+0"]
[Result "1-0"]

1. e4 Nf6 2. Nc3 Nc6 3. Nf3 d5 4. exd5 Nxd5 5. Bc4 e6 6. d4 
Bb4 7. Bd2 Qe7 8. O-O Bxc3 9. bxc3 Bd7 10. Re1 Nb6 11. Bb5 f5 
12. B@c5 P@d6 13. Bxb6 axb6 14. P@d5 B@e4 15. N@g5 N@f6 16. dxc6 Bdxc6 17. Bxc6+ 
bxc6 18. B@f7+ Kd8 19. Bxe6 P@g4 20. N@f7+ Ke8 21. Nxh8 gxf3 22. P@f7+ Kd8 
23. R@g8+ B@f8 24. Nxf3 Bxf3 25. Qxf3 Nxg8 26. fxg8=Q N@h4 27. Qxc6 
{LINDEGREN resigns} 1-0

[Event "fics rated crazyhouse match"]
[Site "fics, Oklahoma City, OK USA"]
[Date "2001.01.22"]
[White "LINDEGREN"]
[WhiteElo "2336"]
[Black "venomous"]
[BlackElo "2444"]
[TimeControl "60+0"]
[Result "1-0"]

1. e4 Nf6 2. Nc3 Nc6 3. d4 e5 4. dxe5 Nxe5 5. Nf3 Nxf3+ 6. gxf3 
Bb4 7. N@f5 Rg8 8. Rg1 P@g6 9. P@e5 gxf5 10. exf6 Qxf6 11. N@h5 Qe5 
12. Bd2 P@g6 13. f4 Qe7 14. Nxg7+ Rxg7 15. e5 Bxc3 16. Bxc3 N@e4 17. B@e3 
Nxc3 18. bxc3 B@b2 19. P@f6 Bxc3+ 20. N@d2 Qf8 21. fxg7 Qxg7 22. R@d3 Bxd2+ 
23. Qxd2 N@f3+ 24. Kd1 P@b2 25. Rb1 Nxd2 26. Bxd2 N@e4 27. B@d4 Q@a1 28. N@f6+ 
Qxf6 29. Rxa1 bxa1=Q+ 30. Bxa1 Nxf2+ 31. Ke2 Nxd3 32. exf6 R@f2+ 33. Kd1 N@b2+ 
34. Bxb2 R@b1+ 35. N@c1 
{venomous forfeits on time} 1-0

[Event "fics rated crazyhouse match"]
[Site "fics, Oklahoma City, OK USA"]
[Date "2001.01.22"]
[White "venomous"]
[WhiteElo "2434"]
[Black "LINDEGREN"]
[BlackElo "2346"]
[TimeControl "60+0"]
[Result "1-0"]

1. e4 Nf6 2. Nc3 Nc6 3. Nf3 e5 4. Be2 Bb4 5. d3 d6 6. O-O 
h6 7. Be3 Bxc3 8. bxc3 N@f4 9. Bxf4 exf4 10. N@d5 Nxd5 11. exd5 Ne5 
12. Nxe5 dxe5 13. N@h5 B@f8 14. d4 N@h3+ 15. gxh3 Bxh3 16. B@f3 N@g5 17. dxe5 
P@e4 18. e6 fxe6 19. dxe6 Bxe6 20. P@f7+ Bxf7 21. P@d7+ Ke7 22. N@f5+ Ke6 
23. N@d4+ Ke5 24. Bxe4 Bxh5 25. Bxh5 Bd6 26. Nf3+ Ke6 27. Nxg5+ Qxg5+ 28. B@g2 
P@h3 29. Qd5+ Kxd7 30. Nxd6 hxg2 31. Qxg5 hxg5 32. P@c6+ Kxd6 33. Q@d5+ Ke7 
34. N@f5+ Kf6 35. B@e7# 
{LINDEGREN checkmated} 1-0

[Event "fics rated crazyhouse match"]
[Site "fics, Oklahoma City, OK USA"]
[Date "2001.01.22"]
[White "LINDEGREN"]
[WhiteElo "2340"]
[Black "venomous"]
[BlackElo "2440"]
[TimeControl "60+0"]
[Result "1-0"]

1. e4 Nf6 2. Nc3 d5 3. exd5 Nxd5 4. d4 Nc6 5. Nf3 e6 6. Bb5 
Bd7 7. Bxc6 bxc6 8. Ne5 P@f6 9. Nxd7 Qxd7 10. P@e4 Nxc3 11. bxc3 N@h4 
12. Rg1 Rb8 13. N@a6 Rb6 14. N@c5 Bxc5 15. Nxc5 Qe7 16. B@d7+ Qxd7 17. Nxd7 
Kxd7 18. d5 B@d6 19. dxc6+ Kxc6 20. P@d5+ Kd7 21. B@c6+ Kc8 22. Be3 N@e5 
23. Q@a8+ B@b8 24. Bxb6 N@f3+ 25. gxf3 Nhxf3+ 26. Kf1 N@d2+ 27. Ke2 Nxg1+ 28. Qxg1 
P@f3+ 29. Kd1 P@e2+ 30. Kxd2 Nc4+ 31. Kd3 Nb2+ 32. Ke3 Nd1+ 33. Kd2 Bf4+ 
34. N@e3 Bxe3+ 35. Bxe3 N@c4+ 36. Kc1 R@b6 37. B@d7+ Kd8 38. R@c8# 
{venomous forfeits on time} 1-0

[Event "fics rated crazyhouse match"]
[Site "fics, Oklahoma City, OK USA"]
[Date "2001.01.22"]
[White "venomous"]
[WhiteElo "2430"]
[Black "LINDEGREN"]
[BlackElo "2350"]
[TimeControl "60+0"]
[Result "1/2-1/2"]

1. e4 Nf6 2. Nc3 Nc6 3. Nf3 d5 4. exd5 Nxd5 5. Bc4 e6 6. d4 
Nb6 7. Bb5 Bd7 8. O-O Bd6 9. P@e5 Be7 10. Re1 a6 11. Bf1 Nd5 
12. Nxd5 exd5 13. N@h5 Rg8 14. Be3 P@e4 15. Nd2 N@f5 16. Nf4 Ncxd4 17. Bxd4 
Nxd4 18. Nxd5 P@f3 19. gxf3 exf3 20. Nxf3 Nxf3+ 21. Qxf3 P@g4 22. Qg2 N@h3+ 
23. Kh1 B@f3 24. N@e4 Bxg2+ 25. Bxg2 Bc6 26. N@f6+ gxf6 27. Ndxf6+ Bxf6 28. Nxf6+ 
Kf8 29. B@h6+ N@g7 30. B@c5+ N@e7 31. Nxh7+ Ke8 32. Nf6+ Kf8 33. Nh7+ Ke8 
34. Nf6+ Kf8 35. Nh7+ Ke8 
{Game drawn by repetition} 1/2-1/2

[Event "fics rated crazyhouse match"]
[Site "fics, Oklahoma City, OK USA"]
[Date "2001.01.22"]
[White "venomous"]
[WhiteElo "2434"]
[Black "LINDEGREN"]
[BlackElo "2346"]
[TimeControl "60+0"]
[Result "0-1"]

1. e4 Nf6 2. Nc3 Nc6 3. Nf3 e5 4. Be2 Bb4 5. O-O d6 6. d3 
Bxc3 7. bxc3 N@f4 8. Bxf4 exf4 9. B@g5 B@e5 10. d4 h6 11. dxe5 hxg5 
12. exf6 Qxf6 13. N@d5 Qd8 14. N@b5 B@a5 15. B@b4 Bb6 16. Nxb6 axb6 17. Nxc7+ 
Qxc7 18. Bxd6 Qd7 19. Nxg5 P@h3 20. Bxf4 hxg2 21. Qxd7+ Bxd7 22. Kxg2 P@h3+ 
23. Kf3 N@g2 24. B@f5 Bxf5 25. exf5 N@e5+ 26. Ke4 B@d5+ 27. Kxd5 Nxf4+ 28. Ke4 
B@d5+ 29. Kxf4 Ng6+ 30. Ke3 Q@f4+ 31. Kd3 Bc4# 
{venomous checkmated} 0-1

[Event "fics rated crazyhouse match"]
[Site "fics, Oklahoma City, OK USA"]
[Date "2001.01.22"]
[White "LINDEGREN"]
[WhiteElo "2356"]
[Black "venomous"]
[BlackElo "2424"]
[TimeControl "60+0"]
[Result "0-1"]

1. e4 Nf6 2. Nc3 d5 3. exd5 Nxd5 4. d4 Nc6 5. Nf3 e6 6. Bb5 
Bd7 7. Nxd5 exd5 8. Bxc6 Qe7+ 9. Ne5 bxc6 10. O-O P@f6 11. Nxd7 Qxd7 
12. Qe2+ B@e4 13. B@h3 N@e6 14. f3 Bg6 15. P@f5 Bxf5 16. Bxf5 Bd6 17. N@c5 
Bxc5 18. Bxe6 Bxd4+ 19. B@f2 Bxf2+ 20. Rxf2 fxe6 21. N@c5 N@d4 22. Qe1 B@d6 
23. Nxd7 Kxd7 24. B@g3 B@c5 25. N@d3 P@b6 26. Nxc5+ bxc5 27. Bxd6 cxd6 28. B@g3 
P@e5 29. B@h3 B@f7 30. Be3 N@c7 31. Bxd4 cxd4 32. c3 dxc3 33. bxc3 B@b6 
34. P@d4 N@d3 35. Qe2 Nxf2 36. Qxf2 N@a3 37. Re1 P@c2 38. N@a4 R@d1 39. Nxb6+ 
axb6 40. B@d2 Rxe1+ 41. Bxe1 c1=Q 42. dxe5 fxe5 43. Bxe5 N@d3 
{LINDEGREN forfeits on time} 0-1

[Event "fics rated crazyhouse match"]
[Site "fics, Oklahoma City, OK USA"]
[Date "2001.01.22"]
[White "venomous"]
[WhiteElo "2430"]
[Black "LINDEGREN"]
[BlackElo "2350"]
[TimeControl "60+0"]
[Result "1-0"]

1. e4 Nf6 2. Nc3 Nc6 3. Nf3 d5 4. exd5 Nxd5 5. Nxd5 e6 6. Nc3 
P@b4 7. Ne4 Be7 8. d4 O-O 9. Bd3 f5 10. Neg5 Bxg5 11. Bxg5 Qe8 
12. N@e5 Nxe5 13. Nxe5 N@e4 14. Bxe4 fxe4 15. P@e7 Rxf2 16. Kxf2 e3+ 17. Bxe3 
Qxe7 18. P@f7# 
{LINDEGREN resigns} 1-0

[Event "fics rated crazyhouse match"]
[Site "fics, Oklahoma City, OK USA"]
[Date "2001.01.22"]
[White "LINDEGREN"]
[WhiteElo "2344"]
[Black "venomous"]
[BlackElo "2436"]
[TimeControl "60+0"]
[Result "1-0"]

1. e4 Nf6 2. Nc3 d5 3. exd5 Nxd5 4. d4 Nxc3 5. bxc3 Nc6 6. Bd2 
e6 7. Nf3 Bd6 8. Bd3 P@f5 9. O-O Bd7 10. N@h5 Rg8 11. P@e5 Be7 
12. Rb1 Rb8 13. Re1 N@g4 14. Qe2 a6 15. c4 b6 16. d5 exd5 17. cxd5 
P@e4 18. dxc6 Bxc6 19. e6 fxe6 20. P@f7+ Kf8 21. fxg8=Q+ Kxg8 22. Bxe4 fxe4 
23. P@f7+ Kxf7 24. N@e5+ Nxe5 25. Nxe5+ Kg8 26. N@h6+ gxh6 27. R@g7+ Kf8 28. Rxh7 
B@f6 29. Rf7+ Ke8 30. Nxc6 Kxf7 31. Nxd8+ Rxd8 32. P@g6+ Kxg6 33. Nf4+ Kg7 
34. Q@g6+ Kh8 35. Nxe6 R@h7 36. Nxd8 P@g7 37. Nf7+ Kg8 38. Qxh7+ Kxh7 39. B@f5+ 
g6 40. Bxg6+ Kxg6 41. R@g8+ Kxf7 42. Qh5+ Kxg8 43. P@f7+ Kg7 44. R@g8+ Kh7 
45. Qxh6# 
{venomous checkmated} 1-0

[Event "fics rated crazyhouse match"]
[Site "fics, Oklahoma City, OK USA"]
[Date "2001.01.22"]
[White "venomous"]
[WhiteElo "2426"]
[Black "LINDEGREN"]
[BlackElo "2354"]
[TimeControl "60+0"]
[Result "1-0"]

1. e4 Nf6 2. Nc3 Nc6 3. Nf3 e5 4. Be2 Bb4 5. d3 d6 6. O-O 
Bxc3 7. bxc3 N@f4 8. Bxf4 exf4 9. B@g5 B@e5 10. d4 h6 11. dxe5 hxg5 
12. exf6 gxf6 13. N@d5 P@h3 14. gxh3 Bxh3 15. B@g7 Rh7 16. Nxf6+ Qxf6 17. Bxf6 
Bxf1 18. Bxf1 P@e7 19. Q@g8+ N@f8 20. P@g7 Rxg7 21. Bxg7 O-O-O 22. B@h3+ B@d7 
23. Bxf8 Bxh3 24. Bxh3+ B@d7 25. P@e6 fxe6 26. R@a8+ R@b8 27. Rxb8+ Kxb8 28. Rb1 
R@b6 29. N@f7 Rc8 30. Bh6 Ne5 31. Qxc8+ Bxc8 32. N7xe5 dxe5 33. Rxb6 axb6 
34. R@d8 Ka7 35. Rxc8 N@b8 36. R@a3+ P@a5 37. N@b5+ Ka6 38. Nxc7# 
{LINDEGREN resigns} 1-0

[Event "fics rated crazyhouse match"]
[Site "fics, Oklahoma City, OK USA"]
[Date "2001.01.22"]
[White "LINDEGREN"]
[WhiteElo "2348"]
[Black "venomous"]
[BlackElo "2432"]
[TimeControl "60+0"]
[Result "1-0"]

1. e4 Nf6 2. Nc3 d6 3. d4 Nc6 4. Nf3 Bg4 5. Bb5 a6 6. Bxc6+ 
bxc6 7. h3 Bxf3 8. Qxf3 e5 9. Be3 N@c4 10. O-O Nxe3 11. fxe3 B@b6 
12. B@f2 B@d7 13. Rae1 Be7 14. d5 cxd5 15. Nxd5 Nxd5 16. exd5 e4 17. Qxe4 
N@f6 18. Qf3 P@e4 19. Qd1 Bb5 20. P@g5 Bxf1 21. Rxf1 Nxd5 22. N@h5 Rg8 
23. B@f5 P@g6 24. P@d7+ Kf8 25. Bxg6 hxg6 26. N@h7# 
{venomous checkmated} 1-0

[Event "fics rated crazyhouse match"]
[Site "fics, Oklahoma City, OK USA"]
[Date "2001.01.22"]
[White "venomous"]
[WhiteElo "2422"]
[Black "LINDEGREN"]
[BlackElo "2358"]
[TimeControl "60+0"]
[Result "0-1"]

1. e4 Nf6 2. Nc3 Nc6 3. Nf3 e5 4. Be2 Bb4 5. d3 d6 6. O-O 
O-O 7. Bg5 Bxc3 8. bxc3 h6 9. Bh4 N@f4 10. B@e3 Be6 11. Bxf4 exf4 
12. d4 Nxe4 13. Bxd8 Raxd8 14. d5 Bxd5 15. Qxd5 Nxc3 16. Qd3 Nxe2+ 17. Qxe2 
P@g4 18. B@f5 B@g6 19. Bxg4 P@e4 20. Nh4 Nd4 21. Qc4 f3 22. Nxg6 Kh7 
23. Nxf8+ Rxf8 24. Qxd4 N@e2+ 25. Kh1 fxg2+ 26. Kxg2 B@f3+ 27. Bxf3 exf3+ 28. Kxf3 
Nxd4+ 29. Ke4 Q@f3+ 30. Kxd4 c5+ 31. Kc4 B@a6+ 32. P@b5 P@d5# 
{venomous checkmated} 0-1

[Event "fics rated crazyhouse match"]
[Site "fics, Oklahoma City, OK USA"]
[Date "2001.01.22"]
[White "LINDEGREN"]
[WhiteElo "2367"]
[Black "venomous"]
[BlackElo "2413"]
[TimeControl "60+0"]
[Result "1-0"]

1. e4 Nf6 2. Nc3 d5 3. exd5 Nxd5 4. d4 Nc6 5. Nf3 e6 6. Bb5 
Bd7 7. Bd2 Nxc3 8. bxc3 Bd6 9. O-O P@f6 10. Bd3 N@b2 11. Qe2 Nxd3 
12. cxd3 B@h5 13. N@g3 Bxf3 14. Qxf3 Rg8 15. Ne4 N@f5 16. Nxd6+ cxd6 17. P@e4 
Nh4 18. Qh5 Nxd4 19. Qxh7 Ne2+ 20. Kh1 Rf8 21. Qxh4 f5 22. B@g5 P@f6 
23. N@h5 fxg5 24. Nxg7+ Ke7 25. P@f6# 
{venomous resigns} 1-0